 Dungeon Crawl Stone Soup version 0.25-a0-420-g1cc7eeb0d1 (webtiles) character file.

Game seed: 14911297548389387882, levelgen mode: deterministic

11 MrRokkomies the Ducker (level 2, 0/16 HPs)
             Began as a Spriggan Abyssal Knight on Jan 19, 2020.
             Was an Initiate of Lugonu.
             Slain by a rat (2 damage)
             ... on level 2 of the Dungeon.
             The game lasted 00:02:15 (1235 turns).

MrRokkomies the Ducker (Spriggan Abyssal Knight)    Turns: 1235, Time: 00:02:16

Health: 0/16       AC:  2    Str:  8    XL:     2   Next: 17%
Magic:  4/4        EV: 19    Int: 13    God:    Lugonu [......]
Gold:   147        SH:  0    Dex: 15    Spells: 1/1 levels left

rFire    . . .     SeeInvis +   e - +0 broad axe
rCold    . . .     Gourm    .   (shield currently unavailable)
rNeg     . . .     Faith    .   b - +0 robe
rPois    .         Spirit   .   (helmet restricted)
rElec    .         Reflect  .   (no cloak)
rCorr    .         Harm     .   (gloves unavailable)
MR       .....                  (boots unavailable)
Stlth    ++........             (no amulet)
HPRegen  0.05/turn              (no ring)
MPRegen  0.09/turn              (no ring)

@: very quick
A: very small, unfitting armour, see invisible, herbivore, speed 3, slow
metabolism 2
a: Renounce Religion


You were on level 2 of the Dungeon.
You worshipped Lugonu.
Lugonu was noncommittal.
You were not hungry.

You visited 1 branch of the dungeon, and saw 2 of its levels.
You visited the Abyss 1 time.

You collected 147 gold pieces.

Inventory:

Hand Weapons
 a - a +1 short sword
 e - a +0 broad axe (weapon)
Missiles
 j - 23 sling bullets
Armour
 b - a +0 robe (worn)
Scrolls
 d - 2 scrolls of magic mapping {unknown}
 i - 4 scrolls of identify {unknown}
 k - a scroll of enchant weapon {unknown}
 l - a scroll of teleportation {unknown}
 m - a scroll of amnesia {unknown}
 n - a scroll of random uselessness {unknown}
Potions
 f - a potion of curing {unknown}
 g - a potion of resistance {unknown}
 h - a potion of flight {unknown}
Comestibles
 c - 2 rations


   Skills:
 - Level 2.4 Fighting
 - Level 2.1 Short Blades
 * Level 0.6 Axes
 + Level 3.7 Dodging
 + Level 0.8 Stealth
 * Level 2.2 Invocations


You had one spell level left.
You didn't know any spells.
Your spell library contained the following spells:

 Spells                   Type           Power        Failure   Level  Hunger
 Malign Gateway           Summ/Tloc      #.........   100%        7    #######
 Monstrous Menagerie      Summ           #.........   100%        7    #######
 Summon Greater Demon     Summ           #.........   100%        7    #######
 Summon Horrible Things   Summ           #.........   100%        8    #######


Dungeon Overview and Level Annotations

Branches:
Dungeon (2/15)

Altars:

Annotations:
D:2 Jessica


Innate Abilities, Weirdness & Mutations

You are very small and have problems with some larger weapons.
You are too small for most types of armour.
You have supernaturally acute eyesight. (SInv)
You are a herbivore.
You cover ground extremely quickly.
You need to consume almost no food.


Message History

Jessica the Apprentice Sorceress comes into view.
She is wielding a +0 club.
Jessica shouts!
A kobold comes into view.
The kobold shouts!
You hit Jessica.
Jessica is lightly wounded.
You hear an angry hiss.
You hear a shout!
Jessica closely misses you. The rat misses you.
A frilled lizard comes into view.
You closely miss Jessica.
Jessica is lightly wounded.
You barely miss the rat. You hit the kobold but do no damage.
Jessica barely misses you. The rat misses you.
The kobold completely misses you. Jessica casts a spell at you.
Pain shoots through your body!
Ouch! That really hurt!
* * * LOW HITPOINT WARNING * * *
The rat bites you.
You die...

...... ..... .....
...### ..l.# ..
#...# ...##. #r@K#
....#. #.@.######
#......####.........
#.............#####.
........##.$.#
##.......##...###.
...#..............#
.###......##.#######
..........##.#
#..#...###.#


You could see Jessica, a kobold, a frilled lizard and a rat.

Vanquished Creatures
  An ooze (D:1)
  A dart slug (D:1)
  A giant cockroach (D:1)
  A bat (D:2)
  A frilled lizard (D:1)
  A kobold (D:1)
  A rat (D:2)
7 creatures vanquished.

Notes
Turn   | Place    | Note
-------+----------+-------------------------------------------
     0 | Abyss:1  | MrRokkomies the Spriggan Abyssal Knight began the quest for
                  | the Orb.
     0 | Abyss:1  | Reached XP level 1. HP: 11/11 MP: 3/3
    95 | Abyss:2  | Noticed a raiju
   110 | Abyss:2  | Noticed a sun demon
   111 | Abyss:2  | Noticed an efreet
   120 | Abyss:2  | Noticed a small abomination
   134 | Abyss:2  | Noticed a large abomination
   160 | Abyss:2  | Noticed a glowing orange brain
   160 | Abyss:2  | Noticed a balrug
   162 | D:1      | Escaped the Abyss
   854 | D:1      | Reached XP level 2. HP: 16/16 MP: 4/4
  1229 | D:2      | Noticed Jessica
  1235 | D:2      | Slain by a rat

Levels and vault maps discovered:
D:1:      kennysheep_arrival_seaside, layout_basic, bh_walls_and_bars
D:2:      layout_loops_ring, nicolae_overflow_crystal_walls, uniq_robin,
          uniq_jessica, uniq_terence

Skill      XL: |  1 |
---------------+----+-----
Invocations    | 2 |  2.2
Fighting       | |  2.4
Short Blades   | |  2.1
Axes           | |  0.6
Dodging        | |  3.7
Stealth        | |  0.8

Action                   || total
-------------------------++-------
Melee: Broad axe         ||    16
Invok: Depart the Abyss  ||     1
Armor: Robe              ||     2
Dodge: Dodged            ||    24

Table legend:
 A = Non-vault XP
 B = Vault XP
 C = Vault XP percentage of total XP
 D = Non-vault monster count
 E = Vault monster count
 F = Vault count percentage of total count
                 A         B        C        D         E       F
            +---------+---------+-------+---------+---------+-------
      Total |      17 |       0 |   0.0 |       7 |       0 |   0.0
            +---------+---------+-------+---------+---------+-------
        D:1 |      15 |       0 |   0.0 |       5 |       0 |   0.0
        D:2 |       2 |       0 |   0.0 |       2 |       0 |   0.0
            +---------+---------+-------+---------+---------+-------
